 Dungeon Sprint DCSS version 0.29-a0-973-gac7da5f7f0 (webtiles) character file.

Game seed: 16728478663214778945

73095 mhtbhm the Merfolkian Porcupine (level 15, -3/156 HPs)
             Began as a Merfolk Gladiator on July 31, 2022.
             Was an Initiate of Gozag.
             Slain by a hell knight simulacrum (19 damage)
             ... in the Dungeon (Sprint IX: "|||||||||||||||||||||||||||||").
             The game lasted 00:19:53 (8725 turns).

mhtbhm the Merfolkian Porcupine (Merfolk Gladiator) Turns: 8725, Time: 00:19:56

Health: -3/156     AC: 28    Str: 25    XL:     15   Next: 42%
Magic:  0/15       EV: 25    Int: 11    God:    Gozag
Gold:   3274       SH:  0    Dex: 15    Spells: 14/14 levels left

rFire   . . .      SeeInvis .   a - +4 glaive of Qazlal, Freezing {vorpal, rElec rN+ Int-3}
rCold   . . .      Faith    .   (shield currently unavailable)
rNeg    + . .      Spirit   .   b - +4 chain mail {Will+}
rPois   +          Reflect  .   n - +0 helmet of Dishonesty {Regen+ Str+4}
rElec   +          Harm     .   o - +2 cloak {Stlth+}
rCorr   .          Rampage  .   w - +1 pair of gloves {infuse}
Will    ++...      NoTele   +   v - +1 pair of boots of Vazimiq {rElec rPois rF- Int+5}
Stlth   +++++.....              D - amulet of regeneration
HPRegen 1.96/turn               A - ring of protection from fire
MPRegen 0.14/turn               K - ring of the Hare {EV+8}

@: gold aura
A: (nimble swimmer 2), mertail
a: Renounce Religion, Potion Petition, Call Merchant, Bribe Branch


You were in the Dungeon.
You worshipped Gozag.
Gozag was most pleased with you.
You visited 1 branch You collected 18210 gold pieces.
You spent 5230 gold pieces at shops.
You paid 9706 gold pieces to Gozag.

Inventory:

Hand Weapons
 a - the +4 glaive of Qazlal, Freezing (weapon) {vorpal, rElec rN+ Int-3}
   (You bought it in a shop in the Dungeon)

   It inflicts extra damage upon your enemies.
   Int:       It affects your intelligence (-3).
   rElec:     It insulates you from electricity.
   rN:        It protects you from negative energy.
 j - a +3 great sword of holy wrath
Missiles
 d - a throwing net
 e - a javelin (quivered)
Armour
 b - a +4 chain mail of willpower (worn)
 c - a +1 kite shield of reflection
 n - the +0 helmet of Dishonesty (worn) {Regen+ Str+4}
   (You bought it in a shop in the Dungeon)

   Str:       It affects your strength (+4).
   Regen:     It increases your rate of health regeneration.
 o - a +2 cloak of stealth (worn)
 v - the +1 pair of boots of Vazimiq (worn) {rElec rPois rF- Int+5}
   (You found it in the Dungeon)

   Int:       It affects your intelligence (+5).
   rF:        It makes you vulnerable to fire.
   rElec:     It insulates you from electricity.
   rPois:     It protects you from poison.
 w - a +1 pair of gloves of infusion (worn)
 E - the +1 pair of gloves of Starshine {rCorr Int+3}
   (You bought it in a shop in the Dungeon)

   Int:       It affects your intelligence (+3).
   rCorr:     It protects you from acid and corrosion.
Jewellery
 y - a ring of see invisible
 A - a ring of protection from fire (left hand)
 D - an amulet of regeneration (around neck)
 K - the ring of the Hare (right hand) {EV+8}
   (You bought it in a shop in the Dungeon)

   [ring of evasion]

   EV:        It affects your evasion (+8).
Scrolls
 k - 4 scrolls of fear
 l - 2 scrolls of amnesia
 m - a scroll of blinking
 r - 2 scrolls of identify
 s - 14 scrolls of enchant weapon
 t - 3 scrolls of fog
 x - a scroll of immolation
 C - 4 scrolls of enchant armour
Potions
 f - 6 potions of curing
 g - 5 potions of heal wounds
 h - 4 potions of might
 i - 4 potions of magic
 p - a potion of degeneration {unknown}
 u - a potion of haste
 z - a potion of mutation
 J - 2 potions of berserk rage


   Skills:
 + Level 26.1 Fighting
 O Level 27 Polearms
 + Level 6.7 Throwing
 + Level 16.2 Armour
 + Level 18.0 Dodging
 + Level 19.2 Stealth
 + Level 3.8 Evocations


You had 14 spell levels left.
You didn't know any spells.
Your spell library was empty.

Dungeon Overview and Level Annotations

Branches:
Dungeon (1/1)

Altars:
Cheibriados
Dithmenos
Elyvilon
Fedhas
Gozag
Hepliaklqana
Kikubaaqudgha
Makhleb
Nemelex Xobeh
Okawaru
Qazlal
Ru
Sif Muna
Trog
Uskayaw
Vehumet
Wu Jian
Xom
Yredelemnul
Zin
The Shining One
Jiyva
Lugonu

Shops:
D ([[[??=!:=


Innate Abilities, Weirdness & Mutations

((You are very nimble when in or above water. (Stealth+, EV+, Speed+++)))
Your lower body shifts to a powerful aquatic tail in water.


Message History

You slice the necromancer!!
You kill the necromancer!
Your Fighting skill increases to level 26!
Unknown command.
Items here: $ )) [[.
You slash the hell knight simulacrum!
The hell knight simulacrum is heavily damaged.
The hell knight simulacrum hits you but does no damage.
Unknown command.
You slice the hell knight simulacrum!!
The hell knight simulacrum vaporises!
The hell knight hits you with a +1 great sword!
Unknown command.
You hit the hell knight.
The hell knight is lightly wounded.
The hell knight misses you.
You slash the hell knight!
The hell knight is moderately wounded.
The hell knight barely misses you.
Unknown command.
You slice the hell knight!!
The hell knight is almost dead.
The hell knight hits you with a +1 great sword.
Unknown command.
You slash the hell knight!
You kill the hell knight!
A freezing mist starts to gather...
A hell knight simulacrum comes into view.
Unknown command.
You slash Margery!
Margery is moderately damaged.
You cut Margery into ribbons!!!
Margery is almost destroyed.
Margery hits you! Margery freezes you!!!
* * * LOW HITPOINT WARNING * * *
The hell knight simulacrum hits you!
* * * LOW HITPOINT WARNING * * *
The hell knight simulacrum freezes you!!
You die...
Your body crumbles into a pile of gold.

.....))).................)....)..
▓▓▓▓▓▓▓▓▓▓▓▓▓▓▓▓▓▓▓▓▓▓▓▓▓▓▓▓▓▓▓▓▓
))))[..[).).........'))..........
▓▓▓▓▓▓▓▓▓▓▓▓▓▓▓▓▓▓▓▓▓▓▓▓▓▓▓▓▓▓▓▓▓
.................)...............
▓▓▓▓▓▓▓▓▓▓▓▓▓▓▓▓▓▓▓▓▓▓▓▓▓▓▓▓▓▓▓▓▓
......))))))...[[[[[[............
▓▓▓▓▓▓▓▓▓▓▓▓▓▓▓▓▓▓▓▓▓▓▓▓▓▓▓▓▓▓▓▓▓
......Z@Z.$.............
▓▓▓▓▓▓▓▓▓▓▓▓▓▓▓▓▓▓▓▓▓▓▓▓ $


You could see a hell knight simulacrum and Margery the human simulacrum.

Vanquished Creatures
  Margery (D)
  Jory (D)
  Frances (D)
  Donald (D)
  A fire giant (D)
  An emperor scorpion (D)
  2 vault wardens (D)
  2 frost giants (D)
  A spriggan defender (D)
  3 ironbound preservers (D)
  A very ugly thing (D)
  2 vampire knights (D)
  A stone giant (D)
  2 green draconians (D)
  An eleionoma (D)
  An entropy weaver (D)
  A bunyip (D)
  3 ettins (D)
  A merfolk impaler (D)
  Snorg (D)
  A yaktaur captain (D)
  A fire dragon (D)
  A great orb of eyes (D)
  A rakshasa (D)
  2 ice dragons (D)
  A spriggan air mage (D)
  2 vault guards (D)
  5 hydras (D)
  2 ogre magi (D)
  A merfolk avatar (D)
  2 ironbound frosthearts (D)
  A two-headed ogre (D)
  2 naga warriors (D)
  A centaur warrior (D)
  A tengu warrior (D)
  2 deep troll earth magi (D)
  A shock serpent (D)
  2 spriggan berserkers (D)
  Nergalle (D)
  4 hell knights (D)
  A pharaoh ant (D)
  A sea snake (D)
  A steelbarb worm (D)
  4 deep trolls (D)
  An orb spider (D)
  A deep troll (shapeshifter) (D)
  2 glowing orange brains (D)
  A swamp dragon (D)
  A spriggan druid (D)
  3 orc knights (D)
  5 ironbound convokers (D)
  2 deep elf pyromancers (D)
  A harpy (D)
  3 necromancers (D)
  3 lindwurms (D)
  3 ugly things (D)
  A cyclops (D)
  3 manticores (D)
  A will-o-the-wisp (D)
  2 vault sentinels (D)
  2 water nymphs (D)
  A merfolk siren (D)
  2 naga magi (D)
  A guardian serpent (D)
  2 black mambas (D)
  A demonic crawler (D)
  A cane toad (D)
  2 komodo dragons (D)
  An unseen horror (D)
  An efreet (D)
  A rime drake (D)
  A guardian mummy (D)
  A tengu conjurer (D)
  5 trolls (D)
  A meliai (D)
  A wind drake (D)
  2 tyrant leeches (D)
  A tarantella (D)
  A slime creature (D)
  6 yaks (D)
  A spriggan (D)
  3 wyverns (D)
  3 redbacks (D)
  A basilisk (D)
  A naga (D)
  3 water moccasins (D)
  10 orc warriors (D)
  A floating eye (D)
  2 black bears (D)
  A boggart (D)
  A tengu (shapeshifter) (D)
  2 bullfrogs (D)
  A scorpion (D)
  A wight (D)
  3 orc priests (D)
  An iguana (D)
  5 orc wizards (D)
  An adder (D)
  A white imp (D)
  4 worms (D)
  A dart slug (D)
  6 orcs (D)
  A goblin (D)
  A hobgoblin (D)
  A kobold (D)
  A frilled lizard (D)
193 creatures vanquished.

Vanquished Creatures (others)
  An ugly thing (D)
  A vampire mosquito (D)
  3 foxfires (D)
5 creatures vanquished.

Grand Total: 198 creatures vanquished

Notes
Turn   | Place    | Note
-------+----------+-------------------------------------------
     0 | D        | mhtbhm the Merfolk Gladiator began the quest for the Orb.
     0 | D        | Reached XP level 1. HP: 16/16 MP: 1/1
    21 | D        | Reached skill level 5 in Dodging
    22 | D        | Reached skill level 5 in Polearms
    22 | D        | Reached XP level 2. HP: 20/23 MP: 2/2
    64 | D        | Noticed a scorpion
    64 | D        | Noticed a black bear
    69 | D        | Killed a scorpion
    70 | D        | Reached skill level 7 in Polearms
    70 | D        | Reached XP level 3. HP: 29/29 MP: 3/3
    70 | D        | Reached XP level 4. HP: 36/36 MP: 4/4
    71 | D        | Killed a black bear
    72 | D        | Reached skill level 9 in Polearms
    72 | D        | Reached skill level 1 in Armour
    72 | D        | Reached XP level 5. HP: 43/43 MP: 5/5
    74 | D        | Reached skill level 10 in Polearms
    87 | D        | Found a snail-covered altar of Cheibriados.
    87 | D        | Found a shadowy altar of Dithmenos.
    87 | D        | Found a white marble altar of Elyvilon.
    87 | D        | Found a blossoming altar of Fedhas.
    87 | D        | Found an opulent altar of Gozag.
    88 | D        | Found a hazy altar of Hepliaklqana.
    89 | D        | Found a viscous altar of Jiyva.
    90 | D        | Found an ancient bone altar of Kikubaaqudgha.
    91 | D        | Found a corrupted altar of Lugonu.
    92 | D        | Found a burning altar of Makhleb.
    93 | D        | Found a sparkling altar of Nemelex Xobeh.
    94 | D        | Found an iron altar of Okawaru.
    95 | D        | Found a stormy altar of Qazlal.
    96 | D        | Found a sacrificial altar of Ru.
    97 | D        | Found a shimmering blue altar of Sif Muna.
    98 | D        | Found a bloodstained altar of Trog.
    99 | D        | Found a hide-covered altar of Uskayaw.
   136 | D        | Found a radiant altar of Vehumet.
   137 | D        | Found an ornate altar of the Wu Jian Council.
   147 | D        | Became a worshipper of Gozag Ym Sagoz the Greedy
   155 | D        | Found a shimmering altar of Xom.
   156 | D        | Found a basalt altar of Yredelemnul.
   157 | D        | Found a glowing silver altar of Zin.
   158 | D        | Found a glowing golden altar of the Shining One.
   213 | D        | Noticed a yak
   213 | D        | Noticed a two-headed ogre
   213 | D        | Noticed a wyvern
   213 | D        | Noticed a yak
   221 | D        | Reached skill level 5 in Fighting
   226 | D        | Reached skill level 11 in Polearms
   226 | D        | Reached XP level 6. HP: 47/51 MP: 6/6
   235 | D        | Killed a two-headed ogre
   236 | D        | Reached skill level 15 in Polearms
   236 | D        | Reached skill level 5 in Throwing
   236 | D        | Reached XP level 7. HP: 45/60 MP: 7/7
   236 | D        | Reached XP level 8. HP: 50/67 MP: 8/8
   245 | D        | Killed a yak
   248 | D        | Killed a wyvern
   256 | D        | Killed a yak
   257 | D        | Reached skill level 16 in Polearms
   418 | D        | Noticed a brown ugly thing
   418 | D        | Noticed a purple ugly thing
   418 | D        | Noticed a manticore
   418 | D        | Noticed a manticore
   427 | D        | Killed an unseen horror
   445 | D        | Killed a cyan ugly thing
   446 | D        | Reached skill level 17 in Polearms
   446 | D        | Reached XP level 9. HP: 39/75 MP: 9/9
   458 | D        | Killed a cyan ugly thing
   459 | D        | Reached skill level 18 in Polearms
   459 | D        | Reached skill level 5 in Armour
   465 | D        | Killed a manticore
   466 | D        | Reached skill level 5 in Stealth
   480 | D        | Killed a manticore
   822 | D        | Noticed a komodo dragon
   826 | D        | Noticed a rime drake
   836 | D        | Killed a komodo dragon
   852 | D        | Reached XP level 10. HP: 37/84 MP: 10/10
   865 | D        | Reached skill level 10 in Fighting
   865 | D        | Reached skill level 19 in Polearms
  1129 | D        | Noticed a cane toad
  1131 | D        | Noticed a six-headed hydra
  1133 | D        | Reached skill level 10 in Stealth
  1154 | D        | Killed a nine-headed hydra
  1160 | D        | Killed a cane toad
  1161 | D        | Reached skill level 1 in Evocations
  1381 | D        | Noticed a lindwurm
  1383 | D        | Noticed a lindwurm
  1390 | D        | Killed a lindwurm
  1411 | D        | Reached skill level 20 in Polearms
  1411 | D        | Reached XP level 11. HP: 52/95 MP: 11/11
  1609 | D        | HP: 1/95 [lindwurm/blast of flame (37)]
  1611 | D        | Killed a lindwurm
  2267 | D        | Noticed an orc knight
  2277 | D        | Noticed an orc knight
  2298 | D        | Killed an orc knight
  2309 | D        | Killed an orc knight
  2849 | D        | Found Lunwegg's Magic Scroll Emporium.
  2849 | D        | Noticed a deep troll
  2849 | D        | Noticed an ettin
  2849 | D        | Noticed a deep troll
  2849 | D        | Noticed a deep troll
  2852 | D        | Noticed a deep troll
  2858 | D        | Killed a deep troll
  2859 | D        | Reached skill level 21 in Polearms
  2890 | D        | Killed an ettin
  3181 | D        | Killed a deep troll
  3375 | D        | Killed a deep troll
  3537 | D        | Killed a deep troll
  3609 | D        | Found Berphibuza's Jewellery Shoppe.
  3613 | D        | Found Mucekeqe's Distillery.
  3616 | D        | Found Dicki's Book Shoppe.
  3617 | D        | Noticed an ettin
  3622 | D        | Noticed an ogre mage
  3887 | D        | Killed an ettin
  3888 | D        | Reached XP level 12. HP: 12/108 MP: 12/12
  4370 | D        | Killed an ogre mage
  4371 | D        | Reached skill level 22 in Polearms
  4771 | D        | Noticed an ogre mage
  4784 | D        | Killed an ogre mage
  4785 | D        | Reached skill level 15 in Fighting
  4785 | D        | Reached skill level 15 in Dodging
  4806 | D        | Bought a scroll of fear for 52 gold pieces
  4806 | D        | Bought a scroll of blinking for 97 gold pieces
  4806 | D        | Bought a scroll of fog for 52 gold pieces
  4806 | D        | Bought a scroll of immolation for 52 gold pieces
  4810 | D        | Bought a potion of heal wounds for 70 gold pieces
  4810 | D        | Bought a potion of haste for 140 gold pieces
  4810 | D        | Bought a potion of mutation for 112 gold pieces
  4944 | D        | Got the +1 pair of boots of Vazimiq {rElec rPois rF- Int+5}
  5036 | D        | Bought an encrusted glaive for 322 gold pieces
  5036 | D        | Identified the +4 glaive of Qazlal, Freezing {vorpal, rElec
                  | rN+ Int-3} (You bought it in a shop in the Dungeon)
  5043 | D        | Bought a shimmering cloak for 190 gold pieces
  5043 | D        | Identified the +1 cloak of Qoriren {Dex+2} (You bought it
                  | in a shop in the Dungeon)
  5043 | D        | Bought a pair of smouldering gloves for 190 gold pieces
  5043 | D        | Identified the +1 pair of gloves of Starshine {rCorr Int+3}
                  | (You bought it in a shop in the Dungeon)
  5073 | D        | Bought a faintly humming scale mail for 180 gold pieces
  5073 | D        | Identified the +1 scale mail of Mirth {rN+ Str+2 Stlth-}
                  | (You bought it in a shop in the Dungeon)
  5084 | D        | Bought a bloodstained helmet for 266 gold pieces
  5084 | D        | Identified the +0 helmet of Dishonesty {Regen+ Str+4} (You
                  | bought it in a shop in the Dungeon)
  5084 | D        | Bought a runed cloak for 210 gold pieces
  5084 | D        | Bought a pair of glowing gloves for 210 gold pieces
  5116 | D        | Bought a scroll of fear for 56 gold pieces
  5116 | D        | Bought a scroll of blinking for 105 gold pieces
  5116 | D        | Bought a scroll of enchant weapon for 105 gold pieces
  5116 | D        | Bought a scroll of fear for 56 gold pieces
  5116 | D        | Bought a scroll of enchant weapon for 105 gold pieces
  5116 | D        | Bought a scroll of fog for 56 gold pieces
  5117 | D        | Noticed a centaur warrior
  5121 | D        | Reached skill level 10 in Armour
  5134 | D        | Killed a centaur warrior
  5296 | D        | Noticed a two-headed ogre
  5298 | D        | a two-headed ogre changed into a deep troll
  5353 | D        | Noticed a tengu warrior
  5372 | D        | Killed a tengu warrior
  5389 | D        | Noticed an ettin
  5398 | D        | Killed an ettin
  5403 | D        | Reached skill level 23 in Polearms
  5403 | D        | Noticed a stone giant
  5534 | D        | Noticed a deep troll earth mage
  5544 | D        | Killed a stone giant
  5552 | D        | Killed a deep troll earth mage
  5734 | D        | Noticed Frances
  5736 | D        | Noticed Donald
  5745 | D        | Killed Frances
  5746 | D        | Reached XP level 13. HP: 117/119 MP: 13/13
  5909 | D        | Killed Donald
  6005 | D        | Noticed Snorg
  6011 | D        | Killed Snorg
  6058 | D        | Noticed a merfolk impaler
  6082 | D        | Reached skill level 24 in Polearms
  6082 | D        | Reached skill level 15 in Stealth
  6099 | D        | Killed a merfolk impaler
  6182 | D        | Noticed an emperor scorpion
  6210 | D        | Killed an emperor scorpion
  6327 | D        | Bought a pair of glowing gloves for 172 gold pieces
  6339 | D        | Noticed a bunyip
  6360 | D        | Reached skill level 25 in Polearms
  6396 | D        | Killed a bunyip
  6575 | D        | Noticed an eleionoma
  6583 | D        | Killed an eleionoma
  6640 | D        | Reached XP level 14. HP: 80/135 MP: 0/14
  6643 | D        | Reached skill level 26 in Polearms
  6833 | D        | Noticed Nergalle
  6841 | D        | Killed Nergalle
  6902 | D        | Noticed a spriggan defender
  6902 | D        | Noticed a frost giant
  6925 | D        | Killed a spriggan defender
  6932 | D        | Killed a frost giant
  7063 | D        | Noticed a red very ugly thing
  7075 | D        | Reached skill level 27 in Polearms
  7077 | D        | Noticed a vampire knight
  7085 | D        | Killed a red very ugly thing
  7098 | D        | Noticed a frost giant
  7113 | D        | Killed a frost giant
  7119 | D        | Killed a vampire knight
  7346 | D        | Noticed a vault warden
  7346 | D        | Noticed a vault warden
  7349 | D        | Killed a vault warden
  7350 | D        | Noticed an entropy weaver
  7363 | D        | Killed a vault warden
  7365 | D        | HP: 4/141 [ironbound frostheart (25)]
  7568 | D        | Noticed an ironbound preserver
  7585 | D        | Killed an entropy weaver
  7589 | D        | Killed an ironbound preserver
  7589 | D        | Noticed an ironbound preserver
  7597 | D        | Noticed an ironbound preserver
  7696 | D        | Killed an ironbound preserver
  7700 | D        | Killed an ironbound preserver
  7812 | D        | Noticed a green draconian
  7812 | D        | Noticed a vampire knight
  7824 | D        | Reached skill level 15 in Armour
  7827 | D        | Reached XP level 15. HP: 138/151 MP: 4/15
  7988 | D        | Noticed a fire giant
  7992 | D        | Killed a fire giant
  8364 | D        | Noticed Jory
  8388 | D        | Killed Jory
  8649 | D        | Bought the ring of the Hare {EV+8} for 2432 gold pieces
  8649 | D        | Found the ring of the Hare {EV+8}
  8688 | D        | Noticed Margery
  8711 | D        | Killed Margery
  8725 | D        | Slain by a hell knight simulacrum

Illustrated notes

Levels and vault maps discovered:
D:        linesprint [early_d, line_temple, items_1, d_10, items_2, lair_1,
          lair_end, items_3, orc_1, orc_end, items_4, d_15, swamp_1, shoals_1,
          snake_1, spider_1, d_20, vaults_1, items_5, swamp_end, shoals_end,
          snake_end, spider_end, vaults_end, d_27, items_6, zot_1, zot_end,
          crypt_end, forest_end, elf_end, slime_end, tomb_end, abyss_end,
          pan_hell_end]

Skill      XL: |  1  2  3  4  5  6  7  8  9 10 11 12 13 14 15 |
---------------+----------------------------------------------+-----
Dodging        | 5 7 8 9 12 13 14 15 16 17 18 | 18.0
Polearms       | 5 7 9 11 15 17 18 20 21 23 25 27 | 27.0
Fighting       | 3 4 5 7 8 9 11 14 16 20 24 26 | 26.1
Throwing       | 3 4 5 6 |  6.7
Armour         | 1 3 4 6 7 9 11 13 15 16 | 16.2
Stealth        | 2 7 12 14 15 18 19 | 19.2
Evocations     | 1 2 3 |  3.8

Action                   |  1- 3 |  4- 6 |  7- 9 | 10-12 | 13-15 || total
-------------------------+-------+-------+-------+-------+-------++-------
Melee: Trident           |    22 |    11 |       |       |       ||    33
       Halberd           |       |    22 |    98 |   357 |       ||   477
       Glaive            |       |       |       |    93 |   497 ||   590
Throw: Throwing net      |       |       |       |       |     3 ||     3
       Javelin           |       |       |       |       |     3 ||     3
Invok: Potion Petition   |       |       |       |     2 |     4 ||     6
       Call Merchant     |       |       |       |     4 |     2 ||     6
Evoke: Wand              |       |       |       |    10 |       ||    10
  Use: Potion            |     1 |       |     2 |     4 |    10 ||    17
       Scroll            |       |       |       |     3 |     5 ||     8
 Stab: Invisible         |       |       |    16 |       |     1 ||    17
       Sleeping          |       |       |       |     7 |     7 ||    14
       Distracted        |       |       |       |     8 |     7 ||    15
Armor: Leather armour    |     3 |       |       |       |       ||     3
       Scale mail        |       |     3 |    15 |    31 |       ||    49
       Chain mail        |       |       |       |    77 |   104 ||   181
Dodge: Dodged            |    10 |    13 |    48 |   198 |   188 ||   457

Table legend: (Time is in decaauts)
 A = Elapsed time spent in this place.
 B = Non-inter-level travel time spent in this place.
 C = Inter-level travel time spent in this place.
 D = Time resting spent in this place.
 E = Time spent auto-exploring this place.
 F = Levels seen in this place.
 G = Mean time per level.
                   A        B        C        D        E       F      G
               +--------+--------+--------+--------+--------+-----+--------+
         Total |   8277 |   8144 |    133 |   2017 |   3065 |   1 | 8277.0 |
       Dungeon |   8277 |   8144 |    133 |   2017 |   3065 |   1 | 8277.0 |
               +--------+--------+--------+--------+--------+-----+--------+

Top non-repeatable levels by time:
       D: 8277 daAuts
